Map: [ESL] Gresvan

Players

Scarlett - Winner!

  • Race: Zerg Zerg
  • Spawn Location: 5:00

Future

  • Race: Terran Terran
  • Spawn Location: 11:00

Event: ESL SC2 Masters 2023 Summer (Regionals)

VOD

Have the link to the VOD?

Description

Time

  • Played on: May 19, 2023, 2:17 p.m.
  • Length: 11:06

All games in this series

Show
View Real Time Build Order
Export as new Build Order

Scarlett Zerg - Winner!

Build Orders: Hatch First 

Get SALT Encoding   

  12  0:00  Drone  
  13  0:12  Overlord  
  13  0:17  Drone  
  14  0:31  Drone x2  
  16  0:47  Hatchery  
  15  0:51  Drone  
  15  0:54  Drone  
  17  0:58  Drone  
  18  1:07  Extractor  
  17  1:12  Spawning Pool  
  17  1:16  Drone  
  17  1:19  Drone  
  18  1:28  Drone  
  19  1:38  Drone  
  20  1:49  Drone  
  21  1:59  Queen x2  
  25  2:01  Zergling x4  
  27  2:10  Overlord  
  27  2:13  Overlord  
  27  2:24  Metabolic Boost  
  27  2:30  Drone  
  27  2:33  Hatchery  
  27  2:34  Drone  
  28  2:40  Drone x2  
  30  2:48  Overlord  
  30  2:54  Zergling x6  
  33  2:59  Queen  
  35  3:07  Drone x3  
  35  3:11  Drone x2  
  40  3:17  Overlord  
  40  3:19  Queen  
  40  3:24  Overlord  
  42  3:30  Drone x2  
  43  3:36  Drone  
  43  3:39  Zergling x4  
  46  3:41  Zergling x4  
  46  3:43  Queen  
  50  3:49  Zergling x6  
  50  3:55  Drone x2  
  55  3:58  Drone x2  
  57  4:04  Drone x2  
  57  4:09  Queen  
  59  4:10  Drone x3  
  59  4:19  Drone  
  59  4:21  Zergling x10  
  59  4:24  Overlord  
  63  4:27  Queen  
  65  4:31  Zergling x2  
  65  4:36  Overlord  
  66  4:39  Overlord  
  66  4:44  Baneling Nest  
  65  4:45  Zergling x12  
  65  4:52  Drone x3  
  74  5:01  Drone x5  
  74  5:05  Extractor  
  76  5:08  Zergling x2  
  76  5:09  Zergling x8  
  81  5:18  Overlord  
  81  5:23  Drone x3  
  84  5:29  Baneling x6  
  84  5:30  Overlord  
  84  5:36  Zergling x10  
  84  5:41  Extractor  
  73  5:51  Hatchery  
  73  5:53  Drone x8  
  76  5:58  Lair  
  76  6:02  Drone x5, Evolution Chamber  
  76  6:03  Evolution Chamber  
  79  6:05  Drone x4  
  79  6:06  Extractor  
  79  6:10  Overlord  
  82  6:17  Spore Crawler  
  82  6:18  Hatchery  
  80  6:20  Overlord  
  79  6:27  Zergling x14  
  86  6:35  Zerg Ground Armor Level 1, Zerg Melee Weapons Level 1  
  86  6:39  Drone x8  
  94  6:49  Zergling x6  
  94  6:52  Queen x2  
  100  6:55  Roach Warren  
  100  6:59  Zergling x8  
  103  7:03  Centrifugal Hooks  
  103  7:04  Baneling x3  
  103  7:06  Zergling x4  
  105  7:13  Zergling x14  
  112  7:20  Baneling  
  112  7:21  Baneling x7  
  112  7:28  Queen  
  113  7:30  Zergling x18  
  117  7:40  Roach x8  
  131  7:47  Overlord x2  
  131  7:50  Overlord  
  131  7:52  Hatchery  
  130  8:03  Overlord x2  
  130  8:04  Overlord  
  129  8:08  Ravager x5  
  129  8:09  Zergling x16  
  138  8:14  Extractor  
  138  8:15  Zergling x2  
  138  8:16  Zergling x4  
  138  8:17  Ravager x2  
  142  8:21  Zergling x2  
  142  8:23  Zergling x10  
  148  8:29  Zergling x8  
  148  8:30  Baneling x6  
  149  8:36  Zergling x6  
  149  8:37  Baneling x3  
  152  8:42  Zergling x4  
  152  8:44  Ravager  
  152  8:46  Zergling x10  
  159  8:52  Zergling x14  
  147  8:59  Baneling x8  
  123  9:12  Zergling x20  
  123  9:16  Baneling x10  
  123  9:17  Zergling x10  
  125  9:26  Zergling x14  
  130  9:37  Zergling x2  
  130  9:38  Zergling x12  
  129  9:47  Zergling x8  
  133  9:56  Zergling x16  
  141  10:08  Zergling x4  
  141  10:09  Zergling x8  
  141  10:12  Baneling  
  141  10:13  Baneling x14  
  143  10:24  Zergling x18  
  142  10:35  Zergling x20  
  148  10:39  Baneling x9  
  148  10:40  Drone x2  
Show
View Real Time Build Order
Export as new Build Order

Future Terran 

Build Orders:  

Get SALT Encoding   

  12  0:00  SCV  
  13  0:12  SCV  
  14  0:18  Supply Depot  
  14  0:24  SCV  
  15  0:40  SCV  
  15  0:41  Barracks  
  16  0:50  Barracks  
  16  0:53  SCV  
  17  1:05  SCV  
  18  1:17  SCV  
  19  1:19  Refinery  
  19  1:28  Marine  
  19  1:30  Orbital Command  
  19  1:31  Supply Depot  
  20  1:37  Marine  
  21  1:46  Marine  
  22  1:56  SCV, Marine  
  24  2:04  Marine  
  24  2:08  SCV  
  26  2:14  Command Center  
  26  2:18  Barracks Reactor  
  26  2:20  SCV  
  26  2:22  Barracks Tech Lab  
  27  2:29  Barracks  
  27  2:32  SCV  
  28  2:40  Marine, Supply Depot  
  29  2:44  SCV  
  30  2:51  Stimpack  
  30  2:55  Marine  
  31  3:01  Marine x2, SCV  
  34  3:06  Barracks  
  34  3:13  SCV  
  34  3:14  Marine  
  34  3:17  Barracks Tech Lab  
  34  3:19  Marine x2  
  38  3:25  SCV  
  39  3:29  Orbital Command  
  39  3:33  Marine  
  40  3:37  Marine x2  
  40  3:38  SCV  
  40  3:41  Combat Shield  
  43  3:49  Supply Depot  
  43  3:50  SCV  
  43  3:52  Marine x2  
  43  3:54  Marine  
  47  3:56  Marine  
  47  3:57  Marine  
  47  4:00  SCV  
  47  4:02  SCV  
  51  4:09  Marine x2  
  51  4:11  Marine  
  51  4:12  Supply Depot  
  51  4:15  Marine  
  53  4:17  Marine  
  53  4:20  SCV x2  
  56  4:27  Marine  
  56  4:28  Marine  
  56  4:29  Marine  
  59  4:32  SCV x2  
  59  4:33  Marine  
  59  4:34  Supply Depot  
  59  4:36  Factory  
  59  4:38  Marine  
  63  4:43  Refinery  
  63  4:44  SCV x2, Refinery  
  65  4:46  Marine x2  
  65  4:47  Marine  
  65  4:51  Marine  
  69  4:56  SCV x2  
  69  4:57  Supply Depot  
  71  5:05  Engineering Bay  
  71  5:08  Marine x2, SCV x2  
  71  5:11  Marine  
  71  5:12  Marine  
  78  5:20  SCV  
  78  5:21  SCV  
  79  5:22  Starport  
  79  5:25  Supply Depot  
  79  5:28  Barracks Reactor  
  79  5:29  Siege Tank  
  79  5:31  Barracks Reactor  
  79  5:34  SCV  
  83  5:36  SCV  
  83  5:37  Refinery  
  83  5:41  Supply Depot  
  84  5:45  Marine  
  84  5:49  Marine  
  68  5:50  Marine  
  68  5:55  SCV  
  68  5:56  SCV  
  57  6:02  Siege Tank  
  57  6:03  Marine  
  57  6:04  Terran Infantry Weapons Level 1  
  61  6:05  Supply Depot  
  61  6:06  Marine x2  
  61  6:07  Marine  
  61  6:08  Marine  
  65  6:16  Marine  
  65  6:18  Medivac x2  
  70  6:20  Marine  
  70  6:24  Marine x2  
  70  6:25  Marine x2  
  73  6:28  Supply Depot  
  75  6:34  Marine, Siege Tank  
  75  6:38  Marine  
  80  6:42  Marine x2  
  80  6:43  Marine x2, Supply Depot  
  84  6:50  Medivac x2, Supply Depot  
  84  6:52  Marine  
  89  6:56  Marine  
  89  6:59  Marine  
  89  7:00  Marine  
  89  7:01  Marine x2  
  94  7:10  Marine  
  94  7:12  Siege Tank  
  94  7:14  Marine  
  99  7:17  Marine x2  
  99  7:19  Marine x2  
  101  7:28  Marine  
  100  7:32  Marine  
  100  7:34  Liberator x2  
  100  7:35  Marine x2  
  100  7:36  Marine  
  105  7:37  Marine  
  105  7:46  Marine  
  105  7:49  Marine  
  104  7:53  Marine x2  
  104  7:54  Marine  
  104  7:55  Marine  
  108  8:01  Siege Tank  
  108  8:03  Marine  
  112  8:06  Command Center  
  112  8:07  Marine  
  112  8:11  Marine x2  
  112  8:12  Marine x2  
  116  8:19  Liberator x2  
  123  8:21  Marine  
  123  8:25  Marine  
  125  8:28  Marine  
  125  8:29  Marine  
  125  8:30  Marine x2  
  125  8:33  Siege Tank  
  125  8:38  Terran Infantry Armor Level 1  
  125  8:39  Marine  
  126  8:43  Marine  
  126  8:46  Marine  
  126  8:47  Marine  
  126  8:48  Marine  
  119  8:56  Marine  
  119  8:57  Marine  
  119  9:01  Marine  
  112  9:04  Marine x2  
  112  9:05  Marine, Siege Tank  
  104  9:13  Liberator  
  104  9:14  Marine  
  104  9:15  Marine  
  99  9:19  Marine  
  99  9:22  Marine x2  
  99  9:23  Marine  
  92  9:32  Marine x2  
  92  9:36  Marine  
  92  9:37  Siege Tank  
  87  9:40  Marine x2, SCV x2  
  87  9:41  Marine  
  92  9:50  Marine x2  
  94  9:53  Medivac  
  94  9:54  Marine  
  94  9:55  SCV x2, Concussive Shells  
  94  9:56  Medivac  
  94  9:58  Marine x2  
  94  9:59  Marine  
  104  10:06  Orbital Command  
  104  10:08  Marine x2  
  104  10:11  Siege Tank  
  104  10:12  Marine  
  110  10:17  Marine  
  109  10:22  Marine  
  109  10:23  Marine  
  109  10:26  Marauder  
  109  10:28  Marine  
  85  10:30  Marine  
  85  10:35  Marine  
  80  10:39  Marine  
  80  10:41  Marine  
  82  10:46  Marine  
  82  10:48  Marine  
Tags
 
Add a new tag
Caveats
  • Supply blocks, unpowered buildings, or Contaminate may cause inaccurate times.
  • Supply counts are checked every 10 seconds.